cohdb
Replays
Latest Replays
All Replays
Popular Replays
Top Player Replays
Match Explorer
How It Works
Community
CoH3 Stats
Reddit
Sign in to upload your games and track your stats! →
Sign in with Steam
Match 46985588
Unlisted
Match 46985588
Overview
Messages
Build Orders
End
Construct Infanterie Kompanie
Grenadier Squad
Grenadier Squad
GrW 34 Mortar Team
Grenadier Squad
Construct Panzergrenadier Kompanie
251 Medium Carrier
Pak 40 Anti-tank Gun Team
Panzergrenadier Squad
Support Elements
Selects Terror Battlegroup
Selects Interrogate
Selects Heavy Gunnery
StuG III G Assault Gun
Panzergrenadier Squad
Pioneer Squad
Nebelwerfer 42 Rocket Launcher Team
Medical Station
StuG III G Assault Gun
Nebelwerfer 42 Rocket Launcher Team
[PD]Folscher
[PD]Bimbi
samurai.g
montheponies
Gonvalen
GhostDePhantom
0
0
Comments
sign in to comment!
No comments posted yet!